 Dungeon Crawl Stone Soup version 0.31.0-32-g396128a36d (webtiles) character file.

Game seed: 8250984989419432564

6714 PaiMei the Reanimator (level 10, -21/80 HPs)
             Began as a Demonspawn Necromancer on Mar 12, 2024.
             Demolished by a large slime creature (35 damage)
             ... on level 9 of the Dungeon.
             The game lasted 00:20:44 (15158 turns).

PaiMei the Reanimator (Demonspawn Necromancer)     Turns: 15158, Time: 00:20:45

Health: -21/80     AC: 10    Str:  8    XL:     10   Next: 74%
Magic:  6/21       EV: 15    Int: 21    God:
Gold:   531        SH:  5    Dex: 17    Spells: 11/24 levels left

rFire   . . .        D - +7 staff of the Meek {protect, meekguard}
rCold   . . .        (shield currently unavailable)
rNeg    . . .        K - +0 troll leather armour
rPois   .            (no helmet)
rElec   .            p - scarf {repulsion}
rCorr   .            (no gloves)
SInv    .            m - +2 pair of boots
Will    .....        C - amulet of reflection
Stlth   ++++         A - +4 ring of protection
HPRegen 1.13/turn    (no ring)
MPRegen 0.17/turn

%: repel missiles, reflection
@: no status effects
A: claws 2, thin skeletal structure 2
a: no special abilities


You were on level 9 of the Dungeon.
You visited 3 branches of the dungeon, and saw 11 of its levels.

You collected 531 gold pieces.

Inventory:

Hand Weapons
 h - a +2 mace of draining
 u - a +1 whip of electrocution
 D - the +7 staff of the Meek (weapon) {protect, meekguard}
   (You found it on level 6 of the Dungeon)
Missiles
 f - 11 poisoned darts
 B - 6 darts of dispersal (quivered)
Armour
 m - a +2 pair of boots (worn)
 p - a scarf of repulsion (worn)
 G - +0 steam dragon scales
 K - a +0 troll leather armour (worn)
 L - the +0 leather armour of Gluttony {SInv}
   (You found it on level 9 of the Dungeon)

   SInv:      It lets you see invisible.
Jewellery
 A - a +4 ring of protection (left claw)
 C - an amulet of reflection (around neck)
 I - a ring of flight
Wands
 a - a wand of polymorph (12)
 y - a wand of mindburst (20)
 z - a wand of flame (30)
 H - a wand of charming (6)
Scrolls
 e - 2 scrolls of identify
 g - a scroll of revelation {unknown}
 j - 3 scrolls of teleportation
 k - a scroll of enchant armour {unknown}
 l - a scroll of summoning {unknown}
 o - a scroll of amnesia {unknown}
 v - a scroll of vulnerability {unknown}
 w - a scroll of noise {unknown}
 x - a scroll of silence {unknown}
 E - a scroll of immolation {unknown}
 J - a scroll of poison {unknown}
Potions
 b - 3 potions of magic
 c - a potion of heal wounds {unknown}
 d - 2 potions of curing
 i - 2 potions of mutation
 n - a potion of resistance {unknown}
 q - a potion of lignification {unknown}
 r - a potion of berserk rage {unknown}
 s - 2 potions of might
 t - a potion of cancellation {unknown}
 F - a potion of haste {unknown}


   Skills:
 + Level 8.1 Fighting
 + Level 7.8 Dodging
 - Level 2.0 Stealth
 + Level 7.8 Spellcasting
 + Level 10.1 Necromancy


You had 11 spell levels left.
You knew the following spells:

 Your Spells              Type           Power      Damage    Failure   Level
a - Necrotise             Necr           100%       1d9       1%          1
b - Vampiric Draining     Necr           50%        2d9       1%          3
c - Animate Dead          Necr           50%        N/A       1%          4
d - Curse of Agony        Necr           50%        N/A       4%          5

Your spell library contained the following spells:

 Spells                   Type           Power      Damage    Failure   Level
 Magic Dart               Conj           32%        1d4       12%         1
 Sandblast                Erth           16%        2d6       12%         1
 Sting                    Conj/Alch      32%        1d5       12%         1
 Blink                    Tloc           16%        N/A       19%         2
 Call Imp                 Summ           16%        N/A       19%         2
 Lesser Beckoning         Tloc           16%        N/A       19%         2
 Mercury Vapours          Alch/Air       16%        N/A       19%         2
 Gell's Gravitas          Tloc           8%         N/A       34%         3
 Passwall                 Erth           8%         N/A       34%         3
 Stone Arrow              Conj/Erth      16%        3d8       34%         3
 Teleport Other           Tloc           8%         N/A       34%         3
 Brom's Barrelling Bould  Conj/Erth      8%         2d3       75%         4
 Ignite Poison            Fire/Alch      8%         N/A       75%         4
 Leda's Liquefaction      Alch/Erth      4%         N/A       75%         4
 Olgreb's Toxic Radiance  Alch           8%         N/A       75%         4
 Sticky Flame             Fire/Alch      8%         2d4       75%         4
 Lee's Rapid Deconstruct  Erth           4%         3d5*      97%         5
 Bombard                  Conj/Erth      4%         9d2       100%        6
 Dispersal                Tloc           4%         N/A       100%        6
 Disjunction              Tloc           4%         N/A       100%        8
 Ignition                 Fire           4%         3d4       100%        8


Dungeon Overview and Level Annotations

Branches:
Dungeon (9/15)             Temple (1/1) D:5            Lair (1/5) D:9
    Orc: D:9-12

Altars:
Ashenzari
Cheibriados
Dithmenos
Fedhas
Gozag
Hepliaklqana
Makhleb
Nemelex Xobeh
Okawaru
Qazlal
Ru
Sif Muna
Trog
Uskayaw
Vehumet
Wu Jian
Xom
Yredelemnul

Shops:
D:6 (


Innate Abilities, Weirdness & Mutations

You have very sharp fingernails.
You have a moderately thin skeletal structure. (Dex +4, Stealth++)


Message History

You draw life force from the slime creature.
Casting: Vampiric Draining (safe; 1% risk of failure)
Confirm with . or Enter, or press ? or * to list all spells.
Aiming: Vampiric Draining (safe; 1% risk of failure)
Press: ? - help, Shift-Dir - straight line, f/p - slime creature
Aim: a slime creature (moderately wounded)
You draw life force from the slime creature!
The slime creature hits you but does no damage.
Casting: Vampiric Draining (safe; 1% risk of failure)
Confirm with . or Enter, or press ? or * to list all spells.
Aiming: Vampiric Draining (safe; 1% risk of failure)
Press: ? - help, Shift-Dir - straight line, f/p - slime creature
Aim: a slime creature (heavily wounded)
You draw life force from the slime creature!
The slime creature barely misses you.
Two slime creatures merge to form a large slime creature.
Casting: Vampiric Draining (safe; 1% risk of failure)
Confirm with . or Enter, or press ? or * to list all spells.
Aiming: Vampiric Draining (safe; 1% risk of failure)
Press: ? - help, Shift-Dir - straight line, f/p - large slime creature
Aim: a large slime creature (moderately wounded)
You draw life force from the large slime creature!
You thump the large slime creature!
Your weapon exudes an aura of protection.
The large slime creature is heavily wounded.
The large slime creature hits you!! The large slime creature hits you.
Casting: Vampiric Draining (safe; 1% risk of failure)
Confirm with . or Enter, or press ? or * to list all spells.
Aiming: Vampiric Draining (safe; 1% risk of failure)
Press: ? - help, Shift-Dir - straight line, f/p - large slime creature
Aim: a large slime creature (heavily wounded)
You draw life force from the large slime creature.
You feel life coursing into your body. The large slime creature hits you!!
* * * LOW HITPOINT WARNING * * *
The large slime creature attacks as it pursues you!
The large slime creature hits you!
* * * LOW HITPOINT WARNING * * *
The large slime creature attacks as it pursues you!
The large slime creature hits you!!
You die...

... #.# ... ... ###
##############################
.............J.J@..........<.#
.#######.#######.#####.#######
.# #.# #.# #.# .# #.# #.# #.#
.# #.# #.# #.# .# #.# #.# #.#
.# #.# #.# #.# ## ### ### ###


You could see a large slime creature and a slime creature.

Vanquished Creatures
  A boulder beetle (D:8)
  A two-headed ogre (D:9)
  Pikel (D:5)
  A cyclops (D:9)
  2 trolls (D:9)
  A hornet (D:7)
  A wyvern (D:8)
  2 slime creatures (D:9)
  3 yaks
  2 steam dragons
  Edmund (D:5)
  An ice beast (D:5)
  A sky beast (D:6)
  2 black bears
  2 orc warriors
  2 ogres
  A centaur (D:7)
  3 lemures (D:5)
  A phantom (D:5)
  A gnoll sergeant (D:7)
  4 bullfrogs
  4 scorpions
  5 howler monkeys
  2 electric eels (D:7)
  A bombardier beetle (D:5)
  5 hounds
  2 jellies (D:5)
  5 orc priests
  8 iguanas
  2 sleepcaps
  5 orc wizards
  8 gnolls
  8 adders
  4 white imps
  A dart slug (D:1)
  10 ribbon worms
  36 orcs
  7 bats
  7 endoplasms
  3 giant cockroaches
  12 goblins
  7 hobgoblins
  9 jackals
  3 quokkas
  4 ball pythons
  3 frilled lizards
  8 kobolds
  2 rats
205 creatures vanquished.

Vanquished Creatures (collateral kills)
  An orc priest (D:6)
  A shadow imp (D:6)
  An orc (D:6)
  A goblin (D:2)
  A hobgoblin (D:1)
  2 jackals (D:1)
7 creatures vanquished.

Vanquished Creatures (others)
  A kobold brigand (D:9)
  An orc wizard (D:6)
2 creatures vanquished.

Grand Total: 214 creatures vanquished

Notes
Turn   | Place    | Note
-------+----------+-------------------------------------------
     0 | D:1      | PaiMei the Demonspawn Necromancer began the quest for the
                  | Orb.
     0 | D:1      | Reached XP level 1. HP: 13/13 MP: 3/3
   181 | D:1      | Gained mutation: You have a somewhat thin skeletal
                  | structure. (Dex +2, Stealth+) [demonic ancestry]
   181 | D:1      | Reached XP level 2. HP: 19/19 MP: 0/5
   337 | D:1      | Found a faded altar of an unknown god.
   548 | D:1      | Gained mutation: You have sharp fingernails. [demonic
                  | ancestry]
   548 | D:1      | Reached XP level 3. HP: 25/25 MP: 2/6
   553 | D:1      | Learned a level 3 spell: Vampiric Draining
  1256 | D:2      | Reached skill level 1 in Fighting
  1847 | D:2      | Found a sparkling altar of Nemelex Xobeh.
  2264 | D:3      | Reached XP level 4. HP: 32/32 MP: 4/7
  2761 | D:3      | Reached skill level 5 in Necromancy
  3090 | D:3      | Reached XP level 5. HP: 37/38 MP: 2/9
  4322 | D:3      | HP: 1/39 [gnoll/+1 whip of electrocution (4)]
  4325 | D:3      | Gained mutation: You have very sharp fingernails. [demonic
                  | ancestry]
  4325 | D:3      | Reached XP level 6. HP: 3/46 MP: 5/11
  4700 | D:4      | Found a burning altar of Makhleb.
  5329 | D:4      | Found a stormy altar of Qazlal.
  5361 | D:4      | Found a shimmering altar of Xom.
  5512 | D:4      | Found an ornate altar of the Wu Jian Council.
  5516 | D:4      | Found a sacrificial altar of Ru.
  5610 | D:5      | Entered Level 5 of the Dungeon
  5616 | D:5      | Reached skill level 6 in Necromancy
  5616 | D:5      | Reached XP level 7. HP: 50/52 MP: 4/12
  5761 | D:5      | Found a staircase to the Ecumenical Temple.
  5896 | Temple   | Entered the Ecumenical Temple
  6489 | D:5      | Noticed Pikel
  6626 | D:5      | Reached XP level 8. HP: 28/60 MP: 3/14
  6906 | D:5      | Killed Pikel
  6907 | D:5      | Reached skill level 5 in Dodging
  6907 | D:5      | Reached skill level 5 in Spellcasting
  6907 | D:5      | Reached skill level 7 in Necromancy
  7148 | D:5      | Reached skill level 5 in Fighting
  7389 | D:5      | Noticed Edmund
  7397 | D:5      | Killed Edmund
  7857 | D:5      | Found a broken altar of Ashenzari.
  7892 | D:6      | Learned a level 4 spell: Animate Dead
  8101 | D:6      | Got Sif Muna's Information on Heavy Coordinates
  8114 | D:6      | Found Iprinkox's Weapon Boutique.
  8524 | D:6      | Gained mutation: You have a moderately thin skeletal
                  | structure. (Dex +4, Stealth++) [demonic ancestry]
  8524 | D:6      | Reached XP level 9. HP: 68/68 MP: 11/17
  8708 | D:6      | Reached skill level 8 in Necromancy
  8877 | D:6      | Found the +7 staff of the Meek {protect, meekguard}
  9291 | D:6      | Found a hazy altar of Hepliaklqana.
 11395 | D:8      | Found a blossoming altar of Fedhas.
 11518 | D:8      | Reached skill level 9 in Necromancy
 11530 | D:8      | Reached XP level 10. HP: 53/79 MP: 1/20
 11878 | D:8      | Noticed a boulder beetle
 11886 | D:8      | Killed a boulder beetle
 12210 | D:8      | Learned a level 5 spell: Curse of Agony
 12845 | D:9      | Identified the +0 leather armour of Gluttony {SInv}
 12883 | D:9      | Found a snail-covered altar of Cheibriados.
 13341 | D:9      | Noticed a two-headed ogre
 13345 | D:9      | Found a staircase to the Lair.
 13352 | Lair:1   | Entered Level 1 of the Lair of Beasts
 13890 | D:9      | Killed a two-headed ogre
 14151 | D:9      | Noticed a cyclops
 14175 | D:9      | Killed a cyclops
 14176 | D:9      | Reached skill level 10 in Necromancy
 15158 | D:9      | Demolished by a large slime creature

Illustrated notes

Levels and vault maps discovered:
D:1:      dpeg_arrival_round_a, layout_loops_cross,
          hellmonk_ecumenical_altar_dog_temple
D:2:      cheibrodos_greedy_goblins, layout_loops_corners, basic_altar,
          palyth_stone_intersect
D:3:      layout_basic, serial_park_tiny_pond
D:4:      layout_cave_pods, lemuel_doored_altar, nicolae_overflow_hidden_temple,
          kennysheep_decorative_pillar, minmay_vboxes
D:5:      layout_basic, kennysheep_mini, temple_pool_b, nicolae_wormholes,
          uniq_pikel, uniq_edmund
D:6:      wander_river, layout_cave_pods, mainiacjoe_overflow_alcove_1,
          serial_shops, nicolae_shop_bloodbath_and_beyond,
          pf_guarded_unrand_meek
D:7:      layout_gridville, water_maze_lemuel
D:8:      layout_cave_pods, marbit_many_paths, hangedman_decor_opposing,
          nicolae_benzene_ring, einodemon_armed_red_devil_minivault
D:9:      layout_small_grid, cheibrodos_worm_habitat, dpeg_oklobed_lair,
          lightli_fourway_metalbox
Temple:   minmay_temple_curvy_loop
Lair:1:   layout_roguey, enter_volcano_1, lemuel_another_geyser,
          grunt_megastairs_5, infiniplex_staircase_pool_2, serial_bayou_shore_b,
          lemuel_fruit_fields

Skill      XL: |  1  2  3  4  5  6  7  8  9 10 |
---------------+-------------------------------+-----
Dodging        | 2 3 4 5 6 7 |  7.8
Stealth        | 2 |  2.0
Fighting       | 1 2 3 4 5 7 8 |  8.1
Necromancy     | 5 6 7 9 10 | 10.1
Spellcasting   | 3 4 5 6 7 |  7.8

Action                     |  1- 3 |  4- 6 |  7- 9 | 10-12 || total
---------------------------+-------+-------+-------+-------++-------
  Melee: Unarmed           |     5 |       |       |       ||     5
         Punch             |     1 |       |     2 |       ||     3
         Dagger            |     8 |       |       |       ||     8
         Mace              |     4 |    46 |   137 |       ||   187
         Quarterstaff      |       |       |    72 |    56 ||   128
   Cast: Necrotise         |    73 |   103 |   111 |    29 ||   316
         Vampiric Draining |       |    12 |    81 |    47 ||   140
    Use: Scroll            |       |       |     5 |     2 ||     7
   Stab: Distracted        |       |       |     1 |       ||     1
         Sleeping          |       |       |     3 |       ||     3
 Armour: Robe              |    17 |    89 |   173 |    14 ||   293
         Steam dragon scal |       |       |       |    48 ||    48
         Troll leather arm |       |       |       |    24 ||    24
  Dodge: Dodged            |    26 |    73 |   217 |    68 ||   384
         Repelled          |       |       |     6 |     1 ||     7
  Block: Other             |       |       |    23 |    22 ||    45
